 Dungeon Crawl Stone Soup version 0.19-a0-1879-gd95bc26 (webtiles) character file.

19 Grim the Ruffian (level 2, -5/24 HPs)
             Began as a Vine Stalker Berserker on Oct 14, 2016.
             Was a Follower of Trog.
             Slain by Natasha (6 damage)
             ... on level 2 of the Dungeon.
             The game lasted 00:01:34 (1763 turns).

Grim the Ruffian (Vine Stalker Berserker)           Turns: 1763, Time: 00:01:35

Health: -5/24      AC:  5    Str: 24    XL:     2   Next: 75%
Magic:  0/3        EV: 12    Int:  7    God:    Trog [*.....]
Gold:   25         SH:  0    Dex: 13    Spells: 0 memorised, 1 level left

rFire  . . .     SeeInvis .       - Unarmed
rCold  . . .     Gourm    .     j - -1 leather armour (curse)
rNeg   . . .     Faith    .     (no shield)
rPois  .         Spirit   +     (no helmet)
rElec  .         Dismiss  .     m - +2 cloak
rCorr  .         Reflect  .     (no gloves)
MR     .....     Harm     .     (no boots)
Stlth  ..........               f - amulet of rage
                                (no ring)
                                (no ring)

@: berserking, starving, slowed
A: fangs 2, magic shield, antimagic bite, no device heal 3, rot immunity
a: Berserk, Burn Spellbooks, Renounce Religion, Evoke Berserk Rage


You were on level 2 of the Dungeon.
You worshipped Trog.
Trog was aware of your devotion.
You were starving.

You visited 1 branch of the dungeon, and saw 2 of its levels.

You collected 25 gold pieces.

Inventory:

Armour
 a - a +0 animal skin
 j - a cursed -1 leather armour (worn)
 m - a +2 cloak (worn)
Jewellery
 f - an amulet of rage (around neck)
Scrolls
 k - a scroll of enchant armour {unknown}
 l - a scroll of amnesia {unknown}
Potions
 d - 2 potions of agility {unknown}
 e - a potion of might
 h - a potion of cure mutation {unknown}
 i - a potion of haste {unknown}
 n - a potion of resistance {unknown}
Comestibles
 b - 2 bread rations
 c - a slice of pizza
 g - a royal jelly
 o - a meat ration


   Skills:
 - Level 2.6 Fighting
 - Level 1.5 Armour
 - Level 1.5 Dodging
 + Level 3.9 Unarmed Combat


You had one spell level left.
You didn't know any spells.

Dungeon Overview and Level Annotations

Branches:
Dungeon (2/15)

Altars:

Annotations:
D:2 Natasha


Innate Abilities, Weirdness & Mutations

You have extremely sharp teeth.
When hurt, damage is shared between your health and your magic reserves.
Your bite disrupts and absorbs the magic of your enemies.
Potions and wands cannot restore your health.
You are immune to rotting.


Message History

Natasha claws you but does no damage. Natasha claws you.
* * * LOW HITPOINT WARNING * * *
You hit Natasha. Your bite misses Natasha.
Natasha is heavily wounded.
Natasha claws you.
* * * LOW HITPOINT WARNING * * *
You hit Natasha but do no damage. Your bite misses Natasha.
Natasha is heavily wounded.
Natasha stares at you and mumbles some strange words.
You feel as though you will be slow longer.
A red film seems to cover your vision as you go berserk!
You feel yourself moving faster!
You feel mighty!
You are starving!
Natasha claws you!
* * * LOW HITPOINT WARNING * * *
Natasha barely misses you.
You punch Natasha! Your bite misses Natasha.
Natasha is almost dead.
Natasha claws you!
You die...

##.....# #..#
.......# #..#
.......# #..#
.....#.# #..#
.......# #..#
.......#########..#
..................#
.......##########.#
.####..# #....h@.#
## #### #.#####.#
..# #.# #.# #.# #.#
.#


You could see Natasha.

Vanquished Creatures
  An ooze (D:2)
  A dart slug (D:1)
  A leopard gecko (D:1)
  A goblin (D:1)
  A hobgoblin (D:2)
  2 kobolds (D:1)
  A bat (D:1)
  3 frilled lizards
  3 rats
14 creatures vanquished.

Notes
Turn   | Place    | Note
-------+----------+-------------------------------------------
     0 | D:1      | Grim the Vine Stalker Berserker began the quest for the Orb.
     0 | D:1      | Reached XP level 1. HP: 11/11 MP: 2/2
   737 | D:1      | Reached XP level 2. HP: 16/16 MP: 3/3
  1505 | D:2      | Found a faded altar of an unknown god.
  1752 | D:2      | Noticed Natasha
  1762 | D:2      | HP: 1/24 [Natasha (8)]
  1763 | D:2      | Slain by Natasha

Vault maps used:
D:1:      dpeg_arrival_oval, supply_closet_lemuel
D:2:      marbit_many_paths, ecumenical_altar_2, columned_hall_lemuel,
          minmay_tetromino_l4, uniq_natasha

Action                   || total
-------------------------++-------
Melee: Unarmed           ||    39
       Bite              ||    13
Invok: Berserk           ||     1
  Use: Scroll            ||     2
 Stab: Sleeping          ||     1
  Eat: Chunk             ||     1
Armor: Leather armour    ||     6
       Animal skin       ||     2
Dodge: Dodged            ||    14
